[Event "*** Titled Tuesday Blitz"]
[Site "Chess.com"]
[Date "2019.10.01"]
[Round "3"]
[White "IMRosen"]
[Black "Jospem"]
[Result "0-1"]
[WhiteElo "2645"]
[BlackElo "2875"]
[TimeControl "180+2"]
[EndTime "13:37:31 PDT"]
[Termination "Jospem won on time"]

1. c4 c5 2. Nf3 Nc6 3. Nc3 g6 4. e3 Nf6 5. d4 cxd4 6. exd4 d5 7.
cxd5 Nxd5 8. Bc4 Nb6 9. Bb3 Bg7 10. Be3 O-O 11. h3 Na5 12. O-O Nxb3 13. axb3 Be6 14. Re1 Bd5 15. Ra5 e6 16. Ra1 a6 17. Qd2 Bxb3 18. Bh6 Bd5 19. Qf4 Qb8 20. Qh4 Bxf3 21. Bxg7 Kxg7 22. gxf3 Qd8 23. Qe4 Rb8 24. h4 Qf6 25. Kg2 Rfd8 26. Rad1 Nd5 27. Ne2 Rbc8 28. Rh1 h5 29. Rh3 b5 30. Rg3 b4 31. b3 Nc3 32.
Nxc3 bxc3 33. f4 c2 34. Rc1 Rxd4 35. Qe2 Rxf4 36. Rxc2 Rxc2 37. Qxc2 Rxh4 38. Qe2 Rf4 39. Kg1 e5 40. Rg2 h4 41. b4 h3 42. Rg3 h2+ 43. Kh1 Rxf2 44. Qxf2 Qxf2 45. Rg2 Qe1+ 46. Kxh2 Qxb4 47. Rf2 a5 48. Kg2 a4 49. Kg1 a3 50.
Kg2 Qb3 51. Kg1 a2 52. Kg2 a1=Q 53. Kh2 e4 54. Kg2 e3 55. Rf1 Qa8+ 56. Kh2 e2 0-1

[Event "*** Titled Tuesday Blitz"]
[Site "Chess.com"]
[Date "2019.10.01"]
[Round "3"]
[White "Natalya_Buksa"]
[Black "Darhild"]
[Result "1/2-1/2"]
[WhiteElo "2443"]
[BlackElo "2628"]
[TimeControl "180+2"]
[EndTime "13:37:31 PDT"]
[Termination "Game drawn by agreement"]

1. e4 c5 2. Nf3 d6 3. d4 cxd4 4. Nxd4 Nf6 5. Nc3 a6 6. Be2 e6 7. Be3 Be7 8. O-O O-O 9. f4 Nc6 10. Kh1 Qc7 11. Qe1 Nxd4 12. Bxd4 b5 13. a3 Bb7 14.
Qg3 Rac8 15. Bd3 g6 16. f5 e5 17. Be3 d5 18. Bh6 d4 19. Bxf8 Rxf8 20. Nd5 Nxd5 21. exd5 Bxd5 22. f6 Bd6 23. Qh4 Re8 24. Rae1 Qc6 25.
Be4 Bxe4 26. Qxe4 Qxe4 27. Rxe4 Rc8 28. Re2 h6 29. h4 Kf8 30. g4 Ke8 31. Kg2 Kd7 32. Kf3 Ke6 33. Ke4 Rc4 34. b3 Rc3 35. Rf3 Rxf3 36. Kxf3 Kxf6 37. a4 b4 38. Ke4 Ke6 39.
Rf2 Be7 40. h5 gxh5 41. gxh5 Bg5 1/2-1/2

[Event "*** Titled Tuesday Blitz"]
[Site "Chess.com"]
[Date "2019.10.01"]
[Round "3"]
[White "patrisiii123"]
[Black "Leonid_Starozhilov"]
[Result "1/2-1/2"]
[WhiteElo "2472"]
[BlackElo "2674"]
[TimeControl "180+2"]
[EndTime "13:37:33 PDT"]
[Termination "Game drawn by repetition"]

1. e4 d6 2. d4 Nf6 3. Nc3 Nbd7 4. f4 e5 5. Nf3 exd4 6. Nxd4 g6 7. Bd3 Bg7 8. Be3 O-O 9. Nb3 b6 10. O-O Bb7 11. Kh1 Re8 12. Qf3 Qe7 13. Nd2 Nc5 14. Bxc5 bxc5 15. f5 Nd7 16. Rae1 Ne5 17. Qf4 Nxd3 18.
cxd3 Qe5 19. fxg6 fxg6 20. Qf7+ Kh8 21. Qxc7 Ba6 22. Rf7 d5 23. Nxd5 Bxd3 24. Nf3 Qxb2 25. e5 Rac8 26. Qxa7 Ra8 27. Qxc5 Rxa2 28. Rg1 Be4 29.
Nc3 Bxf3 30. Nxa2 Ba8 31. Nc3 Qc2 32. Qb5 Rg8 33. Nd5 Qd2 34. Nf6 Bxf6 35. exf6 Qf2 36. Qd7 Bxg2+ 37. Rxg2 Qf1+ 38. Rg1 Qf3+ 39. Rg2 Qf1+ 40.
Rg1 Qf3+ 41. Rg2 Qf1+ 1/2-1/2

[Event "*** Titled Tuesday Blitz"]
[Site "Chess.com"]
[Date "2019.10.01"]
[Round "3"]
[White "przemekpiotrowski"]
[Black "Sjakkerntobi"]
[Result "1-0"]
[WhiteElo "2406"]
[BlackElo "2036"]
[TimeControl "180+2"]
[EndTime "13:37:34 PDT"]
[Termination "przemekpiotrowski won by resignation"]

1. d4 Nf6 2. Nf3 e6 3. g3 c5 4.
Bg2 Nc6 5. O-O Be7 6. c4 cxd4 7. Nxd4 O-O 8. Nc3 a6 9. b3 Qc7 10. Bb2 d6 11. Rc1 Bd7 12. Nd5 Qd8 13. Nxc6 Bxc6 14. Nxf6+ Bxf6 15. Bxf6 Qxf6 16. Bxc6 bxc6 17. Qxd6 Rac8 18.
Qa3 Qe5 19. e3 a5 20. Rfd1 Rfd8 21. Qe7 Rxd1+ 22. Rxd1 h5 23. Rd7 Qf5 24. e4 Qf3 25.
Rd8+ Rxd8 26. Qxd8+ Kh7 27. Qxa5 h4 28. Qg5 hxg3 29.
Qh4+ Kg8 30. hxg3 Qe2 31. Qd8+ Kh7 32. a4 Qe1+ 33. Kg2 Qxe4+ 34. Kh2 Qf3 35. Qb6 Qh5+ 36. Kg2 c5 37. Qb7 Qd1 38. a5 f5 39. a6 f4 40.
Qe4+ g6 41. Qxf4 Qxb3 42. g4 Qb6 43. Qf7+ Kh6 44. a7 Qc6+ 45. Qf3 Qd6 46. a8=Q Kg5 47. Qe3+ Qf4 48. Qd8+ Kh6 1-0

[Event "*** Titled Tuesday Blitz"]
[Site "Chess.com"]
[Date "2019.10.01"]
[Round "3"]
[White "heyiampotato"]
[Black "nitpicker"]
[Result "1-0"]
[WhiteElo "2529"]
[BlackElo "2264"]
[TimeControl "180+2"]
[EndTime "13:37:36 PDT"]
[Termination "heyiampotato won on time"]

1. d4 Nf6 2. Nf3 b6 3. c4 e6 4.
a3 Bb7 5. Nc3 Ne4 6. Nxe4 Bxe4 7. Nd2 Bg6 8. g3 Be7 9. Bg2 d5 10. Qa4+ c6 11. O-O O-O 12. e4 dxc4 13. Qxc4 b5 14. Qc3 Qb6 15. Nb3 Nd7 16. Be3 Bf6 17. Rac1 Rac8 18. e5 Be7 19. d5 c5 20. d6 Bd8 21.
Nxc5 Nxc5 22. Bxc5 Qb8 23. d7 Rc7 24. Qd4 Rxc5 25. Qxc5 Bb6 26. Qc8 Qxe5 27. Qe8 f6 28. Qe7 Bd8 29. Qc5 Qxb2 30. Qd6 Bf7 31. Rb1 Qe2 32.
Rfe1 Qc4 33. Rec1 Qa2 34. Rxb5 h6 35. h4 Bb6 36. Rxb6 axb6 37. Qxf8+ 1-0

[Event "*** Titled Tuesday Blitz"]
[Site "Chess.com"]
[Date "2019.10.01"]
[Round "3"]
[White "Duhless"]
[Black "bascheyaro"]
[Result "1-0"]
[WhiteElo "3018"]
[BlackElo "2754"]
[TimeControl "180+2"]
[EndTime "13:37:39 PDT"]
[Termination "Duhless won by resignation"]

1. d4 Nf6 2. Nf3 d5 3. c4 c6 4.
g3 g6 5. b3 Bg7 6. Bb2 O-O 7.
Bg2 Nbd7 8. O-O Ne4 9. e3 f5 10. cxd5 cxd5 11. Nc3 Ndf6 12. Rc1 b6 13. Ne5 Bb7 14. Ba3 Re8 15. Nb5 Ba6 16. Nc7 Bxf1 17. Bxf1 Nd6 18. Ne6 Qb8 19. Ba6 b5 20. Bc5 Rf8 21. Nc6 Qe8 22. Bxd6 exd6 23. Nc7 Qf7 24. Nxa8 Rxa8 25. Bxb5 Ne4 26. Nb4 Rb8 27. a4 Kh8 28. Na6 Rf8 29. Rc7 Qf6 30. Nb4 Qe6 31. Bd7 Qg8 32.
Bc6 Nf6 33. Qf3 Rc8 34. Bxd5 Nxd5 35. Rxc8 Qxc8 36. Qxd5 Qc1+ 37. Kg2 h5 38. h4 Qc3 39. Nc6 a6 40. Ne7 Kh7 41. Qg8+ Kh6 42. Qf7 1-0

[Event "*** Titled Tuesday Blitz"]
[Site "Chess.com"]
[Date "2019.10.01"]
[Round "3"]
[White "Rodalquilar"]
[Black "GremioPrudente"]
[Result "1-0"]
[WhiteElo "2544"]
[BlackElo "2266"]
[TimeControl "180+2"]
[EndTime "13:37:41 PDT"]
[Termination "Rodalquilar won by resignation"]

1. d4 d5 2. Nf3 c6 3. Bf4 e6 4. e3 Bd6 5. Bd3 Bxf4 6. exf4 f5 7.
O-O Nf6 8. Re1 O-O 9. c4 Ne4 10. Nc3 Nd7 11. Qc2 Ndf6 12. Ne5 Bd7 13. f3 Nxc3 14.
Qxc3 Re8 15. Kh1 Re7 16. Qb4 Rb8 17. a4 Be8 18. a5 a6 19. Qc3 Nd7 20. Rad1 Nxe5 21.
Rxe5 Bd7 22. Rde1 Rf7 23. b3 Qh4 24. g3 Qf6 25. Qb4 Qd8 26. Qd6 Qf8 27. Qc7 Qc8 28.
Qb6 Qd8 29. c5 Qxb6 30. axb6 Rd8 31. b4 g6 32. h4 h5 33. Kg2 Kg7 34. Kf2 Bc8 35.
Ke3 Re7 36. Rg1 Kf7 37. g4 Rg8 38. Kd2 Rh8 39. gxf5 exf5 40. Rxe7+ Kxe7 41. Rxg6 Kf7 42. Rg5 Kf6 43. Kc3 Be6 44. Kb2 Bd7 45. Ka3 Be6 46.
Ka4 Bd7 47. Ka5 Be6 48. Bxa6 bxa6 49. b7 Rb8 50. Kxa6 Bc8 51. bxc8=Q Rxc8 52. Rxh5 Rb8 53. Ka5 Kg6 54. Rg5+ Kf6 55. h5 Ra8+ 56. Kb6 Rb8+ 57. Kxc6 Rxb4 58. Kxd5 1-0

[Event "*** Titled Tuesday Blitz"]
[Site "Chess.com"]
[Date "2019.10.01"]
[Round "3"]
[White "politeplayer"]
[Black "Slovak_fighter2000"]
[Result "0-1"]
[WhiteElo "2193"]
[BlackElo "2451"]
[TimeControl "180+2"]
[EndTime "13:37:41 PDT"]
[Termination "Slovak_fighter2000 won on time"]

1. e4 e6 2. d3 d5 3. Nd2 c5 4.
Ngf3 Nc6 5. g3 Nf6 6. Bg2 Be7 7. O-O b6 8. Re1 Bb7 9. c3 Qc7 10. a3 a5 11. Rb1 O-O 12. Nf1 b5 13. b3 b4 14. axb4 axb4 15. c4 dxe4 16. dxe4 Rfd8 17. Qc2 Nd4 18. Nxd4 Rxd4 19. Bf4 e5 20. Bg5 h6 21. Bxf6 Bxf6 22. Ne3 Bg5 23. Nd5 Bxd5 24. exd5 Rd2 25.
Qf5 Raa2 26. Rxe5 g6 27. Re8+ Kg7 28. Qf3 Rxf2 29. Qxf2 Rxf2 30. Kxf2 Qa7 31. Rb2 Bf6 32.
Rd2 Bd4+ 33. Kf3 Qd7 34. Re4 Qf5+ 35. Rf4 Qh5+ 36. g4 Qxh2 37. Rdxd4 cxd4 38. d6 Qg1 39. Re4 d3 40. d7 d2 41. d8=Q d1=Q+ 42. Qxd1 Qxd1+ 43. Kg3 Qxb3+ 44. Bf3 Qc3 45. Rf4 b3 46. Kg2 b2 47.
Bd5 Qd2+ 0-1

[Event "*** Titled Tuesday Blitz"]
[Site "Chess.com"]
[Date "2019.10.01"]
[Round "3"]
[White "Qvalda"]
[Black "Torrentec"]
[Result "1-0"]
[WhiteElo "2542"]
[BlackElo "2330"]
[TimeControl "180+2"]
[EndTime "13:37:44 PDT"]
[Termination "Qvalda won by resignation"]

1. d4 d5 2. Nf3 Nf6 3. c4 c6 4. Qb3 g6 5. e3 Bg7 6. Nc3 O-O 7.
Be2 a5 8. O-O Na6 9. cxd5 Nxd5 10. Nxd5 Qxd5 11. Qxd5 cxd5 12. a3 Bd7 13. Bd2 Nc7 14.
Rfc1 Rfc8 15. Rc2 b6 16. Rac1 Ne6 17. Bd3 Rxc2 18. Rxc2 Rc8 19. Rxc8+ Bxc8 20. Kf1 Nc7 21. Ke2 h6 22. Ne1 Kf8 23. f3 Ke8 24. b4 axb4 25. Bxb4 Bd7 26. Nc2 Bb5 27. Bxb5+ Nxb5 28. a4 Na7 29. Kd3 Nc6 30. e4 dxe4+ 31. fxe4 Bxd4 32. Nxd4 Nxb4+ 33. Kc4 Na6 34. Kb5 Nc5 35. e5 Kd7 36. a5 Ne4 37. Kxb6 Nd2 38. a6 Nc4+ 39. Kb7 Na5+ 40.
Kb8 Nc4 41. a7 Nb6 42. Kb7 1-0

[Event "*** Titled Tuesday Blitz"]
[Site "Chess.com"]
[Date "2019.10.01"]
[Round "3"]
[White "morphinho22"]
[Black "CzechmVIII"]
[Result "1-0"]
[WhiteElo "2362"]
[BlackElo "2093"]
[TimeControl "180+2"]
[EndTime "13:37:50 PDT"]
[Termination "morphinho22 won by resignation"]

1. Nf3 c5 2. e4 d6 3. d4 cxd4 4. Nxd4 Nf6 5. Nc3 g6 6. Be3 Bg7 7.
f3 O-O 8. Qd2 Nc6 9. O-O-O d5 10.
Nxc6 bxc6 11. Bh6 Bxh6 12. Qxh6 Qb6 13. e5 Nd7 14. h4 Nxe5 15. h5 Bf5 16. g4 f6 17. Qd2 Nxf3 18. Qf4 Be4 19. Nxe4 dxe4 20. Bc4+ Kg7 21. hxg6 Ng5 22. Rd7 Qc5 23. Bb3 Rad8 24. Rxd8 Rxd8 25. gxh7 Qe5 26. Qxe5 fxe5 27. Bg8 Rxg8 28.
hxg8=Q+ Kxg8 29. Kd2 Nf3+ 30. Ke3 Nd4 31. Kxe4 Nxc2 32.
Kxe5 Nb4 33. Ra1 Kg7 34. Ke6 Nd5 35. Rc1 Nf4+ 36. Kxe7 Nd3 37. Rxc6 Nxb2 38. Kd7 Nd3 39. Kc7 Ne5 40. Rc1 Kf6 41. Rg1 Kg5 42. Kb7 Nxg4 43.
Rxg4+ Kxg4 44. Kxa7 Kf5 45. a4 Ke6 46. Kb7 Kd7 47.
a5 1-0

[Event "*** Titled Tuesday Blitz"]
[Site "Chess.com"]
[Date "2019.10.01"]
[Round "3"]
[White "GadimbayliA"]
[Black "Witik"]
[Result "1-0"]
[WhiteElo "2872"]
[BlackElo "2641"]
[TimeControl "180+2"]
[EndTime "13:37:51 PDT"]
[Termination "GadimbayliA won by resignation"]

1. e4 c6 2. Nf3 d5 3. exd5 cxd5 4. Ne5 Nf6 5. d4 g6 6. c3 Bg7 7. Bd3 O-O 8. Nd2 Nfd7 9. f4 Nf6 10. O-O Bf5 11.
Bxf5 gxf5 12. Rf3 Ne4 13. Nxe4 dxe4 14. Rh3 e6 15. Qh5 h6 16. Rg3 Qf6 17. Be3 Rd8 18. Rd1 Nc6 19. d5 Ne7 20. Bd4 Rxd5 21. Nd7 Qg6 22.
Rxg6 fxg6 23. Qe2 Rxd7 24. Bxg7 Rxd1+ 25. Qxd1 Kxg7 26. Qd7 Kf7 27. Kf2 g5 28. fxg5 hxg5 29. Qxb7 Rd8 30. Ke2 Rd3 31. a4 Kf6 32. Qxa7 f4 33. Qb7 g4 34. Qxe4 Re3+ 35. Qxe3 fxe3 36. a5 Ke5 37. a6 Nc6 38. Kxe3 Kd5 39. Kf4 Kc4 40. Kxg4 e5 41. Kf5 Kd3 42. a7 Nxa7 43. Kxe5 Kc2 44. h4 Kxb2 45. h5 Nc6+ 46. Kf6 1-0

[Event "*** Titled Tuesday Blitz"]
[Site "Chess.com"]
[Date "2019.10.01"]
[Round "3"]
[White "FranciscodelaF"]
[Black "Grandmaster1369"]
[Result "0-1"]
[WhiteElo "2450"]
[BlackElo "2674"]
[TimeControl "180+2"]
[EndTime "13:37:51 PDT"]
[Termination "Grandmaster1369 won on time"]

1. d4 Nf6 2. c4 e6 3. g3 Bb4+ 4. Bd2 Qe7 5. Nf3 Nc6 6. Bg2 Bxd2+ 7. Qxd2 Ne4 8. Qe3 Qb4+ 9. Nbd2 Nxd2 10. Qxd2 Qxc4 11.
O-O Qb4 12. Qc2 Qe7 13. e4 O-O 14. d5 exd5 15. exd5 Nb4 16. Qxc7 Nxd5 17. Qc4 Nf6 18. Rfe1 Qd8 19. Rad1 d5 20. Qb4 Bg4 21. h3 Bxf3 22.
Bxf3 Qd7 23. Kg2 Rfe8 24. Rxe8+ Rxe8 25. Qa5 b6 26. Qd2 Rd8 27. Qd4 Qc7 28. Rd3 Qc5 29. Qa4 a5 30. Rc3 Qe7 31. Qb5 d4 32. Rc6 Nd7 33. Rc7 Qd6 34. Rc6 Qb8 35. Bd5 d3 36.
Bxf7+ Kxf7 37. Qd5+ Kf8 38. Rd6 Qc7 39. Qxd3 Ke7 40.
Rd5 Nf6 41. Qe3+ Kf7 42. Re5 Re8 43. Qb3+ Kf8 44. Rb5 Qc6+ 45. Kh2 Re1 46. Qa3+ Ke8 0-1

[Event "*** Titled Tuesday Blitz"]
[Site "Chess.com"]
[Date "2019.10.01"]
[Round "3"]
[White "Shubinkirill2003"]
[Black "VerdeNotte"]
[Result "0-1"]
[WhiteElo "2537"]
[BlackElo "2787"]
[TimeControl "180+2"]
[EndTime "13:37:53 PDT"]
[Termination "VerdeNotte won on time"]

1. e4 c5 2. Nf3 Nc6 3. Bb5 d6 4. O-O Bd7 5. c3 a6 6. Bd3 Nf6 7. Bc2 Bg4 8. d3 e6 9. Re1 Be7 10.
Nbd2 O-O 11. Nf1 d5 12. e5 Nd7 13. d4 cxd4 14. cxd4 Qb6 15. Be3 Qxb2 16. Rb1 Bxf3 17. Qd3 Be4 18. Qxe4 dxe4 19. Rxb2 b5 20. Bxe4 Rac8 21.
Nd2 Nb6 22. Nb3 Nc4 23. Rbe2 Nb4 24. Bc1 Rfd8 25. f4 a5 26. a3 a4 27. Na1 Nd5 28.
Bxd5 Rxd5 29. Nc2 h5 30. Rf1 g6 31. g3 Rd7 32. Kg2 Nb6 33. Bb2 Nd5 34. Rff2 Bd8 35. Ne3 Bb6 36. Nxd5 Rxd5 37. Rd2 Rc4 38. Rc2 Bxd4 39.
Rxc4 bxc4 40. Bxd4 Rxd4 41. Rc2 h4 42. Kf3 hxg3 43. hxg3 Rd3+ 44. Kg4 c3 45. Kh4 Kf8 46. g4 Ke7 47. Kg5 Rf3 48. Rc1 Kd7 0-1

[Event "*** Titled Tuesday Blitz"]
[Site "Chess.com"]
[Date "2019.10.01"]
[Round "3"]
[White "Abdodi"]
[Black "XiaoKangZhong"]
[Result "0-1"]
[WhiteElo "2180"]
[BlackElo "2421"]
[TimeControl "180+2"]
[EndTime "13:37:53 PDT"]
[Termination "XiaoKangZhong won by resignation"]

1. e4 c6 2. d4 d5 3. Nc3 dxe4 4. Nxe4 Nf6 5. Ng3 g6 6. Nf3 Bg7 7. Bc4 O-O 8. O-O b5 9. Bb3 a5 10. c3 Nbd7 11. Bg5 h6 12. Bf4 Nb6 13. Ne5 Bb7 14.
Nxg6 a4 15. Nxf8 axb3 16. Ne6 fxe6 17. Qxb3 Qd5 18. Rfe1 Kf8 19. Be5 Nc4 20. Qc2 Kf7 21.
b3 Nd6 22. Bxf6 exf6 23. Qh7 Rh8 24. Qd3 c5 25. f3 cxd4 26. cxd4 f5 27. Ne2 e5 28. Rad1 e4 29. fxe4 Qxe4 30. Qxe4 Bxe4 31. Nc3 Ra8 32. a4 b4 33. Nxe4 fxe4 34. Rf1+ Bf6 35. Rc1 Kg7 36. Rc7+ Nf7 37. d5 Rd8 38. Rf5 Kg6 39.
g4 Nd6 40. Rf1 Bd4+ 41. Kg2 e3 42. Rc6 Bc3 43. Kf3 Bd4 44. h4 Kg7 45. Ke2 Ne4 46.
Rc7+ Kg8 47. Rf4 Ng3+ 48. Kf3 e2 49. Re7 Bc3 50. Rxe2 Nxe2 51. Kxe2 Rxd5 52. Kf3 Rd2 53. a5 Ra2 54. Rf5 Ra3 55. Ke4 Rxb3 56. Rb5 Ra3 57.
g5 hxg5 58. hxg5 b3 59. a6 b2 60. Rb6 Ra1 61. Kd5 b1=Q 62. Rxb1 Rxb1 63. a7 Ra1 0-1

[Event "*** Titled Tuesday Blitz"]
[Site "Chess.com"]
[Date "2019.10.01"]
[Round "3"]
[White "Caisachess"]
[Black "j_coca"]
[Result "0-1"]
[WhiteElo "2339"]
[BlackElo "2099"]
[TimeControl "180+2"]
[EndTime "13:37:53 PDT"]
[Termination "j_coca won by checkmate"]

1. e4 g6 2. d4 Bg7 3. Nf3 d6 4.
Nc3 Nh6 5. Bc4 O-O 6. h3 Kh8 7. a4 Nc6 8. Be3 a6 9. O-O Qe8 10. d5 Nd8 11. Qd2 Ng8 12. Ne2 e5 13. dxe6 fxe6 14. c3 Nc6 15. Nfd4 Ne5 16. Bb3 Nf7 17. f4 Bd7 18. f5 gxf5 19. exf5 e5 20. Ne6 Bxe6 21. Bxe6 Nf6 22. Ng3 Nd8 23. Bc4 Qe7 24. Rae1 c6 25. Bg5 d5 26. Bb3 Nf7 27. h4 e4 28. c4 Rad8 29. cxd5 cxd5 30. Bxd5 Qc5+ 31.
Kh1 Qxd5 32. Qf4 Rde8 33. h5 h6 34. Bxf6 Bxf6 35. Nxe4 Bxb2 36. f6 Rg8 37. Rf3 Be5 38.
Qf5 Qe6 39. Qxe6 Rxe6 40. Nc5 Ree8 41. Nxb7 Bc7 42. Rc1 Bb6 43. Rc6 Bd4 44. Rf1 Rg5 45. g4 Rxg4 46. Nd6 Nxd6 47. Rxd6 Reg8 48. f7 Rh4# 0-1

[Event "*** Titled Tuesday Blitz"]
[Site "Chess.com"]
[Date "2019.10.01"]
[Round "3"]
[White "Playgood28"]
[Black "SpasKozhuharov"]
[Result "0-1"]
[WhiteElo "2278"]
[BlackElo "2640"]
[TimeControl "180+2"]
[EndTime "13:37:56 PDT"]
[Termination "SpasKozhuharov won by resignation"]

1. d4 c6 2. c4 d5 3. e3 Nf6 4. Nc3 g6 5. Nf3 Bg7 6. b4 O-O 7. Bb2 a5 8. a3 Bg4 9. cxd5 Nxd5 10. Nxd5 Qxd5 11. Be2 axb4 12. axb4 Rxa1 13. Bxa1 Nd7 14. O-O Ra8 15. h3 Bf5 16. Nd2 Ra2 17. b5 cxb5 18.
Bf3 Qd6 19. Bxb7 Bd3 20. Re1 Qa3 21. Bd5 Rc2 22. Qf3 e6 23. Bc6 Nf6 24. Ne4 Nxe4 25. Bxe4 Qb4 26. Rd1 Bxe4 27. Qxe4 Qc4 28. Qf3 h6 29.
Kh2 b4 30. d5 Bxa1 31. Rxa1 Qxd5 32. Ra8+ Kg7 33. Qxd5 exd5 34. Kg3 b3 35. Rb8 b2 36.
Rb6 g5 37. Kf3 h5 38. g3 f6 39. h4 g4+ 40. Kg2 Kg6 41. Rb5 Rd2 42. Rb6 Kf5 43.
Rb7 Ke4 44. Rb5 Kd3 45. Rxd5+ Kc2 46. Rc5+ Kd1 47. Rb5 Kc1 0-1

[Event "*** Titled Tuesday Blitz"]
[Site "Chess.com"]
[Date "2019.10.01"]
[Round "3"]
[White "Korchmar_Vasiliy"]
[Black "Msb2"]
[Result "0-1"]
[WhiteElo "2667"]
[BlackElo "2909"]
[TimeControl "180+2"]
[EndTime "13:38:01 PDT"]
[Termination "Msb2 won by resignation"]

1. d4 Nf6 2. Nf3 d5 3. Bf4 c5 4. e3 Nc6 5. Nbd2 cxd4 6. exd4 Qb6 7. Nb3 Bf5 8. Bd3 Bxd3 9. Qxd3 e6 10. O-O Be7 11. a4 a6 12. a5 Qd8 13. Bg5 Nd7 14.
Bxe7 Qxe7 15. c3 O-O 16. Rfe1 Rfb8 17. g3 b6 18. Re2 b5 19. Kg2 b4 20. c4 dxc4 21.
Qxc4 Qd6 22. Ng5 Ne7 23. Ne4 Qd5 24. Qxd5 Nxd5 25. Nec5 Nxc5 26. dxc5 Rd8 27. Rc1 Rac8 28. c6 Rd6 29. Rec2 Kf8 30. Nd2 Ne7 31. c7 Rd7 32.
Ne4 Nd5 33. Rd1 Rdxc7 34. Rxc7 Rxc7 35. Rd2 Ke7 36. Ng5 h6 37. Nf3 Kd6 38. h4 Rc5 39.
Nd4 Rxa5 40. Nb3 Rb5 41. Rc2 a5 42. Nd2 a4 43. Rc8 Nc7 44. Rf8 Rd5 45. Ne4+ Ke7 46. Rb8 Rb5 47. Rc8 Kd7 48. Rf8 f5 49. Nd2 a3 50. bxa3 bxa3 51. Rf7+ Kc6 0-1

[Event "*** Titled Tuesday Blitz"]
[Site "Chess.com"]
[Date "2019.10.01"]
[Round "3"]
[White "Tjktiger"]
[Black "kosmeg"]
[Result "1-0"]
[WhiteElo "2812"]
[BlackElo "2501"]
[TimeControl "180+2"]
[EndTime "13:38:02 PDT"]
[Termination "Tjktiger won by resignation"]

1. c4 e5 2. Nc3 Bb4 3. Nd5 Bc5 4. Nf3 c6 5. Nc3 d6 6. e3 Bb6 7. d4 Qe7 8. g3 f5 9. Bg2 e4 10. Nd2 Nf6 11. a4 a5 12. b3 Na6 13. Ba3 Nb4 14. O-O O-O 15. Na2 Nd3 16. Nc1 Nxc1 17. Qxc1 Be6 18.
c5 dxc5 19. Nc4 Ba7 20. Nxa5 Qc7 21. Nc4 b5 22. axb5 cxb5 23. Nd2 Rac8 24. Bxc5 Bxc5 25.
dxc5 Qxc5 26. Qxc5 Rxc5 27. Ra6 Rd8 28. Rxe6 Rxd2 29.
Bh3 Kf7 30. Rb6 Rb2 31. Ra1 Kg6 32. Rb7 Rxb3 33. Raa7 Nh5 34. Rb6+ Kg5 35. Bf1 Rb1 36. Kg2 g6 37. Rxh7 f4 38. exf4+ Kf5 39. Rf7+ 1-0

[Event "*** Titled Tuesday Blitz"]
[Site "Chess.com"]
[Date "2019.10.01"]
[Round "3"]
[White "parmupill123"]
[Black "albano87"]
[Result "1-0"]
[WhiteElo "2514"]
[BlackElo "2023"]
[TimeControl "180+2"]
[EndTime "13:38:02 PDT"]
[Termination "parmupill123 won by checkmate"]

1. e4 c5 2. Nc3 Nc6 3. g3 g6 4.
Bg2 Bg7 5. d3 e6 6. Be3 Nd4 7. f4 Ne7 8. e5 O-O 9. Nf3 Nef5 10. Bf2 d6 11. O-O Nxf3+ 12. Bxf3 Nd4 13. Bg2 dxe5 14. fxe5 Bxe5 15. Na4 Qa5 16. c3 Bd7 17. Nxc5 Qxc5 18. Qg4 Qb6 19. cxd4 f5 20. dxe5 Qxf2+ 21. Rxf2 fxg4 22. Rc1 Bc6 23. Bxc6 Rxf2 24. Kxf2 Rc8 25.
Rc4 bxc6 26. Rxg4 Kf7 27. Ra4 Rc7 28. Ke3 g5 29. g4 Kg6 30. Rc4 h5 31. h3 h4 32. b4 Rb7 33. Rxc6 Rxb4 34. Rxe6+ Kf7 35. Rf6+ Kg7 36. Ra6 Rb1 37. Ke4 Rh1 38. Kf5 Rxh3 39. Rxa7+ Kh6 40. Ra6+ Kg7 41. Kxg5 Rxd3 42. Ra7+ Kf8 43.
Kxh4 Re3 44. Ra5 Kf7 45. Kg5 Ke6 46. Kf4 Re1 47. Ra6+ Ke7 48. a4 Rf1+ 49. Kg5 Re1 50.
Ra5 Ke6 51. Rb5 Re4 52. a5 Ra4 53. Kh5 Kf7 54. g5 Ke6 55. Kh6 Kf7 56. g6+ Kg8 57. Rb8# 1-0

[Event "*** Titled Tuesday Blitz"]
[Site "Chess.com"]
[Date "2019.10.01"]
[Round "3"]
[White "tigra"]
[Black "Siemba"]
[Result "1-0"]
[WhiteElo "2705"]
[BlackElo "2235"]
[TimeControl "180+2"]
[EndTime "13:38:13 PDT"]
[Termination "tigra won by checkmate"]

1. e4 c5 2. Nf3 Nc6 3. d4 cxd4 4. Nxd4 Nf6 5. Nc3 e5 6. Ndb5 d6 7. Bg5 a6 8. Na3 b5 9. Nd5 Be7 10. Bxf6 Bxf6 11. c4 b4 12. Nc2 O-O 13. g3 a5 14. Bg2 Be6 15. O-O Bg5 16. Qd3 Rb8 17. Rfd1 Qd7 18. Qf1 b3 19. Na3 Nd4 20. h4 Bh6 21.
Kh2 bxa2 22. Rxa2 Rb3 23. Rd3 Rfb8 24. Rxb3 Rxb3 25. Nc3 Qc6 26. Qb1 Bxc4 27. Nxc4 Qxc4 28. Rxa5 g6 29. Ra1 Qb4 30. Nd5 Qd2 31. Qf1 Rxb2 32. Nf6+ Kg7 33. Ne8+ Kf8 34. Ra8 Qxf2 35. Nf6+ Ke7 36.
Ng8+ Kd7 37. Ra7+ Kc6 38. Qc4+ Kb6 39. Qa6+ Kc5 40. Rc7+ Kb4 41. Rc4+ Kb3 42. Qa4# 1-0

[Event "*** Titled Tuesday Blitz"]
[Site "Chess.com"]
[Date "2019.10.01"]
[Round "3"]
[White "Tonychess32"]
[Black "francyIM"]
[Result "0-1"]
[WhiteElo "2444"]
[BlackElo "2662"]
[TimeControl "180+2"]
[EndTime "13:38:14 PDT"]
[Termination "francyIM won by resignation"]

1. e4 c6 2. d4 d5 3. Nc3 dxe4 4. Nxe4 Nf6 5. Nxf6+ exf6 6. c3 Bd6 7. Bd3 O-O 8. Ne2 Re8 9. Be3 Nd7 10. Qc2 h5 11.
O-O-O Nf8 12. h4 Be6 13. Kb1 b5 14. Rhe1 a5 15. Nf4 Bxf4 16. Bxf4 a4 17. Re2 Qd5 18. c4 bxc4 19. Be4 Qb5 20. Qc3 a3 21. Ka1 axb2+ 22. Rxb2 Qa4 23. Bc2 Qa3 24. Qxa3 Rxa3 25. Bd6 Ra6 26.
Rb8 Rxb8 27. Bxb8 Nd7 28. Bf4 Nb6 29. Bd6 c3 30. a3 Nc4 31. Bc5 Nxa3 32. Bd3 Nb5+ 33.
Kb1 Bd5 34. f3 Ra2 35. Re1 c2+ 36. Bxc2 g6 37. Re8+ Kh7 38. Be4 Nc3+ 39. Kc1 Rxg2 40. Bxd5 Nxd5 41. Rf8 Kg7 42. Rc8 Rg3 43. Bf8+ Kh7 44.
Rxc6 Rxf3 45. Bc5 Rf4 46. Rd6 Ne3 47. Rd7 Kg7 48. Kd2 Nf5 49. d5 Rxh4 50. Rd8 Rc4 51.
Bf8+ Kh7 52. d6 Rd4+ 53. Kc3 h4 54. Be7 Kg7 55. Bf8+ Kh7 56. Be7 g5 57. Bxf6 Rxd6 58. Rxd6 Nxd6 59. Bxg5 Ne4+ 0-1

[Event "*** Titled Tuesday Blitz"]
[Site "Chess.com"]
[Date "2019.10.01"]
[Round "3"]
[White "Keaton87"]
[Black "boasovietica"]
[Result "0-1"]
[WhiteElo "2599"]
[BlackElo "2426"]
[TimeControl "180+2"]
[EndTime "13:38:16 PDT"]
[Termination "boasovietica won by resignation"]

1. Nf3 d6 2. e4 Bg4 3. h3 Bh5 4. d4 Nf6 5. Nc3 e6 6. Be2 c6 7. a4 d5 8. e5 Nfd7 9. Be3 a6 10. O-O Be7 11. a5 c5 12. Na4 cxd4 13. Bxd4 Nc6 14. Bb6 Nxb6 15. Nxb6 Rb8 16. c4 dxc4 17. Nxc4 O-O 18.
Nfd2 Bxe2 19. Qxe2 Qc7 20. b3 Rbd8 21. Nf3 Nd4 22.
Nxd4 Rxd4 23. Rfd1 Rfd8 24. Rxd4 Rxd4 25. Rd1 Qd8 26. Rxd4 Qxd4 27. Qd2 Qxd2 28. Nxd2 Kf8 29. f4 Ke8 30. Kf2 Kd7 31. Ke3 Kc6 32. Nc4 Kb5 33.
Kd4 Kb4 34. Nd6 Kxa5 35. Kc5 Bf8 36. g3 f6 37. exf6 gxf6 38. g4 h6 39. h4 Be7 40. f5 e5 41. Kd5 Bxd6 42. Kxd6 e4 43. g5 hxg5 44. hxg5 e3 45. g6 e2 46. g7 e1=Q 47.
g8=Q Qe5+ 48. Kd7 Qxf5+ 49. Kc7 Qb5 50. Kb8 f5 51. Qf7 Kb4 52. Ka8 a5 53. Qe6 Qa6+ 0-1

[Event "*** Titled Tuesday Blitz"]
[Site "Chess.com"]
[Date "2019.10.01"]
[Round "3"]
[White "AntonSmirnov"]
[Black "Blackmind96"]
[Result "1/2-1/2"]
[WhiteElo "2904"]
[BlackElo "2682"]
[TimeControl "180+2"]
[EndTime "13:38:17 PDT"]
[Termination "Game drawn by repetition"]

1. e4 e6 2. d4 d5 3. Nc3 Bb4 4. e5 Qd7 5. a3 Bxc3+ 6. bxc3 b6 7. Qg4 f5 8. exf6 Nxf6 9. Qh4 O-O 10. Nf3 Ba6 11. Bxa6 Nxa6 12. O-O Nb8 13. Re1 Nc6 14. Bf4 Ne4 15. Re3 Rf5 16. Ng5 Nxg5 17. Bxg5 e5 18. Rh3 g6 19. dxe5 Rxe5 20. Bf6 Rh5 21. Qg3 Rxh3 22. gxh3 Rf8 23. Bg5 Rf5 24. Re1 Kf7 25. h4 Qd6 26. Qxd6 cxd6 27. Kg2 Ne5 28. f4 Nc6 29. Kg3 h5 30. Re3 b5 31. Kf2 a6 32.
Ke1 d4 33. cxd4 Nxd4 34. Re7+ Kg8 35. Kd2 Nf3+ 36. Ke3 Nxg5 37. hxg5 Rc5 38. Re6 Kf7 39. Rf6+ Kg7 40. Rxd6 Rxc2 41. h4 a5 42. Rb6 Rc3+ 43. Ke4 Rc4+ 44. Ke5 Rc5+ 45. Kd4 Rc4+ 46. Ke5 Rc5+ 47.
Ke6 Rf5 48. Rb7+ Kg8 49. Rb8+ Kg7 50. Ra8 a4 51. Ra7+ Kg8 52. Rb7 Kh8 53. Rb8+ Kg7 54. Rb7+ Kg8 55. Rb8+ Kg7 56. Rb6 Kg8 57. Ke7 Kg7 58.
Rf6 Rc5 59. Rf7+ Kg8 60. Rf8+ Kg7 61. Rf7+ Kg8 62. Rf6 Kg7 63. Rf7+ 1/2-1/2